[Event "*** SCC Grand Prix: Titled Tuesday Blitz"]
[Site "Chess.com"]
[Date "2020.06.02"]
[Round "3"]
[White "SophieNikoladze"]
[Black "gm_rashid"]
[Result "1-0"]
[WhiteElo "2164"]
[BlackElo "2340"]
[TimeControl "180+1"]
[EndTime "10:26:31 PDT"]
[Termination "SophieNikoladze won by resignation"]

1. d4 d5 2. Nf3 e6 3. e3 Nf6 4.
Bd3 c5 5. b3 Nc6 6. Bb2 Bd6 7.
Nbd2 Qc7 8. a3 O-O 9. O-O e5 10. dxc5 Bxc5 11. e4 d4 12. Qe2 Bg4 13. h3 Bh5 14. g4 Bg6 15. Nh4 Rac8 16. Nf5 Rfd8 17. h4 h5 18. g5 Ng4 19. Kg2 Ne7 20. Ng3 a6 21. Rfe1 b5 22. Ndf1 Qb7 23. f3 Ne3+ 24. Nxe3 dxe3 25. Bc1 Bd4 26. Rb1 Bc3 27. Rd1 Nc6 28.
Bxe3 Nd4 29. Qf2 Ne6 30. Nf5 Nf4+ 31. Bxf4 exf4 32. Qf1 Qc6 33. a4 bxa4 34. Bxa6 a3 35. Bxc8 Qxc8 36. Ne7+ 1-0

[Event "*** SCC Grand Prix: Titled Tuesday Blitz"]
[Site "Chess.com"]
[Date "2020.06.02"]
[Round "3"]
[White "GigaQuparadze"]
[Black "kot60"]
[Result "1-0"]
[WhiteElo "2834"]
[BlackElo "2443"]
[TimeControl "180+1"]
[EndTime "10:26:37 PDT"]
[Termination "GigaQuparadze won by resignation"]

1. e4 e5 2. f4 d5 3. exd5 c6 4. dxc6 Nxc6 5. Nc3 exf4 6. Nf3 Bd6 7. d4 Nf6 8. Bd3 O-O 9. O-O Bg4 10. Ne2 Nd5 11. h3 Bh5 12. Be4 Ne3 13. Bxe3 fxe3 14. Qd3 Re8 15. Bxh7+ Kh8 16. Bf5 Qf6 17. c3 Re7 18. g4 Bg6 19. Bxg6 fxg6 20. g5 Qe6 21. Kg2 Bc7 22. Nh4 Kh7 23. Nf4 Bxf4 24. Rxf4 Qd5+ 25. Kh2 Re6 26. Ng2 e2 27. Re1 Rae8 28. Rf2 Re3 29. Nxe3 1-0

[Event "*** SCC Grand Prix: Titled Tuesday Blitz"]
[Site "Chess.com"]
[Date "2020.06.02"]
[Round "3"]
[White "ferdipy"]
[Black "tapu2"]
[Result "0-1"]
[WhiteElo "2344"]
[BlackElo "2536"]
[TimeControl "180+1"]
[EndTime "10:26:38 PDT"]
[Termination "tapu2 won by resignation"]

1. e4 c5 2. Nf3 d6 3. d4 cxd4 4.
Nxd4 Nf6 5. Nc3 a6 6. Be3 e5 7.
Nf3 Be7 8. a4 O-O 9. Bc4 Be6 10.
Nd5 Nbd7 11. a5 Nxe4 12. Nb6 Nxb6 13. Bxb6 Qc8 14. Bd3 Nf6 15. Qe2 Bf5 16. Nh4 Bxd3 17. Qxd3 e4 18. Qe2 g5 0-1

[Event "*** SCC Grand Prix: Titled Tuesday Blitz"]
[Site "Chess.com"]
[Date "2020.06.02"]
[Round "3"]
[White "Semetey"]
[Black "A-Fier"]
[Result "0-1"]
[WhiteElo "2527"]
[BlackElo "2742"]
[TimeControl "180+1"]
[EndTime "10:26:40 PDT"]
[Termination "A-Fier won by resignation"]

1. d4 Nf6 2. Nf3 e6 3. Bf4 b6 4. e3 Bb7 5. Nbd2 Be7 6. h3 c5 7. Bd3 O-O 8. O-O d6 9. c3 Nbd7 10. Qe2 a6 11. a4 Qc7 12. Bh2 Rfe8 13. e4 cxd4 14. cxd4 e5 15. Rfc1 Qb8 16. dxe5 Nxe5 17. Nxe5 dxe5 18. Nc4 Nd7 19. Rd1 Bc5 20. Kh1 Bd4 21.
Rac1 Re6 22. Bc2 Qd8 23. Rxd4 exd4 24. Nd6 Nc5 25. e5 Qxd6 26. Bxh7+ Kxh7 27. Qh5+ Rh6 28. Qf5+ Qg6 0-1

[Event "*** SCC Grand Prix: Titled Tuesday Blitz"]
[Site "Chess.com"]
[Date "2020.06.02"]
[Round "3"]
[White "atwalcb"]
[Black "Artem_Sadovsky"]
[Result "1-0"]
[WhiteElo "2359"]
[BlackElo "2516"]
[TimeControl "180+1"]
[EndTime "10:26:41 PDT"]
[Termination "atwalcb won by resignation"]

1. d4 g6 2. e4 Bg7 3. Nc3 d6 4. f4 a6 5. Nf3 b5 6. a3 Bb7 7. Be3 Nf6 8. Bd3 Ng4 9. Qe2 Nxe3 10. Qxe3 Nd7 11. e5 Nb6 12. e6 Bxf3 13. exf7+ Kxf7 14. Qxf3 Bxd4 15. f5 Bxc3+ 16. bxc3 Kg7 17.
fxg6 hxg6 18. O-O Qg8 19. Bxg6 Qd5 20. Be4 Qc5+ 21. Kh1 Rxh2+ 22. Kxh2 Rh8+ 23. Kg3 Qe5+ 24. Qf4 Qxc3+ 25. Rf3 Qxa1 26. Qf7+ 1-0

[Event "*** SCC Grand Prix: Titled Tuesday Blitz"]
[Site "Chess.com"]
[Date "2020.06.02"]
[Round "3"]
[White "MNyuyu"]
[Black "2346PL"]
[Result "0-1"]
[WhiteElo "2266"]
[BlackElo "2454"]
[TimeControl "180+1"]
[EndTime "10:26:41 PDT"]
[Termination "2346PL won by resignation"]

1. d4 f5 2. Nf3 Nf6 3. Bf4 g6 4. e3 Bg7 5. h3 O-O 6. Bc4+ e6 7. Nbd2 h6 8. c3 g5 9. Bh2 b6 10. Qe2 Bb7 11. O-O-O a5 12. e4 fxe4 13. Nxe4 Nxe4 14.
h4 g4 15. Bd3 gxf3 16. gxf3 Nf6 17. Rhg1 Qe7 18. Rg6 Nh5 19. Be4 Bxe4 20. Qxe4 Nc6 21.
Rdg1 Kh8 22. Qg4 Rf5 23. Bxc7 b5 24. Qe4 Rc8 25. Bh2 Nxd4 26. Rxg7 Nxg7 27. Qxd4 e5 28. Qe4 Qe6 29. h5 d5 30. Qg4 Rg5 31. Qxe6 Rxg1+ 0-1

[Event "*** SCC Grand Prix: Titled Tuesday Blitz"]
[Site "Chess.com"]
[Date "2020.06.02"]
[Round "3"]
[White "icychess54"]
[Black "jocmil"]
[Result "1/2-1/2"]
[WhiteElo "2246"]
[BlackElo "2478"]
[TimeControl "180+1"]
[EndTime "10:26:45 PDT"]
[Termination "Game drawn by repetition"]

1. c4 Nf6 2. Nf3 g6 3. e3 Bg7 4. Be2 O-O 5. O-O c5 6. Nc3 Nc6 7. d4 cxd4 8. Nxd4 Nxd4 9. exd4 d5 10. c5 b6 11. b4 a5 12. Na4 axb4 13. Nxb6 Rb8 14.
Bf4 Rxb6 15. cxb6 Qxb6 16. Be5 Ne4 17. Bxg7 Kxg7 18. Qb3 Nd2 19. Qxd5 Nxf1 20. Rxf1 Rd8 21. Qe5+ Qf6 22. Qxf6+ Kxf6 23. Rd1 Be6 24. Rd2 Bd5 25.
Rb2 Rb8 26. f3 e5 27. dxe5+ Kxe5 28. Kf2 Kd4 29. Rd2+ Kc5 30. Rc2+ Kd4 31. Rd2+ Kc5 32. Rc2+ Kd4 33. Rd2+ 1/2-1/2

[Event "*** SCC Grand Prix: Titled Tuesday Blitz"]
[Site "Chess.com"]
[Date "2020.06.02"]
[Round "3"]
[White "GM_dmitrij"]
[Black "JSMastropiero"]
[Result "1-0"]
[WhiteElo "2931"]
[BlackElo "2449"]
[TimeControl "180+1"]
[EndTime "10:26:46 PDT"]
[Termination "GM_dmitrij won by resignation"]

1. e4 e5 2. Nf3 Nc6 3. Bb5 a6 4. Ba4 d6 5. O-O Bd7 6. c3 g6 7. d4 Bg7 8. Be3 Nf6 9. Nbd2 O-O 10. h3 Qe7 11. Bc2 exd4 12. cxd4 Nb4 13. Bb1 c5 14. d5 a5 15. Re1 Bb5 16. Nf1 a4 17. a3 Na6 18. Ng3 Nd7 19. Qd2 Bc4 20. Bh6 b5 21. Nh2 Ne5 22. Bxg7 Kxg7 23. f4 Qh4 24.
Qf2 Qe7 25. fxe5 dxe5 26. Ng4 f6 27. Ne3 Bb3 28. Nef5+ 1-0

[Event "*** SCC Grand Prix: Titled Tuesday Blitz"]
[Site "Chess.com"]
[Date "2020.06.02"]
[Round "3"]
[White "Lovinski"]
[Black "mirochka"]
[Result "1/2-1/2"]
[WhiteElo "2387"]
[BlackElo "2191"]
[TimeControl "180+1"]
[EndTime "10:26:47 PDT"]
[Termination "Game drawn by repetition"]

1. Nf3 c5 2. g3 d5 3. Bg2 Nf6 4. O-O Nc6 5. d4 cxd4 6. Nxd4 e5 7.
Nxc6 bxc6 8. c4 Bc5 9. Nc3 Be6 10. Bg5 e4 11. cxd5 cxd5 12. Bxf6 gxf6 13. Rc1 Bb6 14. Qa4+ Qd7 15. Qxd7+ Kxd7 16. Rfd1 f5 17. Nxd5 Bxd5 18. Rxd5+ Ke6 19. Rcd1 Rhd8 20. Rxd8 Rxd8 21. Rxd8 Bxd8 22. e3 a5 23. Kf1 Bf6 24. b3 Be7 25. Ke2 Bb4 26.
h4 h6 27. Bh3 Ke5 28. Kd1 f6 29. Bf1 Kd5 30. Bc4+ Ke5 31. Ke2 Kd6 32. Bg8 Ke5 33. Bh7 Ke6 34. Bg8+ Ke5 35. Kd1 Ba3 36. Kc2 Bb4 37.
Kd1 Ba3 38. Ke2 Bb4 1/2-1/2

[Event "*** SCC Grand Prix: Titled Tuesday Blitz"]
[Site "Chess.com"]
[Date "2020.06.02"]
[Round "3"]
[White "Firegrizzly"]
[Black "FairChess_on_YouTube"]
[Result "0-1"]
[WhiteElo "2590"]
[BlackElo "3006"]
[TimeControl "180+1"]
[EndTime "10:26:49 PDT"]
[Termination "FairChess_on_YouTube won by resignation"]

1. e4 c5 2. Nf3 a6 3. c3 e6 4.
d4 d5 5. e5 Bd7 6. Na3 Nh6 7.
Be2 Nf5 8. O-O cxd4 9. cxd4 Nc6 10. Nc2 Rc8 11. g3 Qb6 12. h4 Be7 13. Kg2 O-O 14.
Bd3 Kh8 15. Bxf5 exf5 16. Bg5 f4 17. Bxf4 Qxb2 18. Rb1 Qxa2 19. Ne3 Nb4 20. Ng5 h6 21. Qh5 Kg8 22. Nf3 Qa4 23. Bxh6 gxh6 24. Qxh6 Qc6 25. Qf4 Nd3 0-1

[Event "*** SCC Grand Prix: Titled Tuesday Blitz"]
[Site "Chess.com"]
[Date "2020.06.02"]
[Round "3"]
[White "lifeissofun"]
[Black "themind1hunter"]
[Result "0-1"]
[WhiteElo "2270"]
[BlackElo "2501"]
[TimeControl "180+1"]
[EndTime "10:26:50 PDT"]
[Termination "themind1hunter won by resignation"]

1. e4 c5 2. Nf3 d6 3. d4 cxd4 4. Nxd4 Nf6 5. Nc3 a6 6. h3 Nc6 7. Be3 e5 8. Nb3 Be6 9. f4 exf4 10. Bxf4 Be7 11. Qe2 Nd7 12. O-O-O Nce5 13. g4 O-O 14. Kb1 Rc8 15. Nd5 Re8 16. Rg1 Bf8 17. g5 Nb6 18.
Bxe5 Bxd5 19. exd5 Rxe5 20. Qg2 g6 21. h4 Bg7 22.
Qf3 Qe7 23. Bh3 Re3 24. Qf1 Qe5 25. c3 Rexc3 26. Bxc8 Rc1+ 27. Rxc1 0-1

[Event "*** SCC Grand Prix: Titled Tuesday Blitz"]
[Site "Chess.com"]
[Date "2020.06.02"]
[Round "3"]
[White "mbojan"]
[Black "monalize"]
[Result "1-0"]
[WhiteElo "2612"]
[BlackElo "2298"]
[TimeControl "180+1"]
[EndTime "10:26:54 PDT"]
[Termination "mbojan won on time"]

1. e4 c5 2. Nf3 d6 3. d4 cxd4 4.
Nxd4 Nf6 5. Nc3 a6 6. Bg5 e6 7. f4 b5 8. e5 dxe5 9. fxe5 Qc7 10.
exf6 Qe5+ 11. Be2 Qxg5 12. O-O Ra7 13. Qd3 Rd7 14. Ne4 Qe5 15. Nf3 Qxb2 16. Qe3 Nc6 17. Rab1 Qxa2 18. c4 Qa3 19. Rb3 Qa5 20. cxb5 axb5 21.
Bxb5 Bb7 22. Kh1 g6 23. Rc1 Qc7 24. Bxc6 Bxc6 25. Rbc3 Qa7 26. Qxa7 Rxa7 27. Rxc6 1-0

[Event "*** SCC Grand Prix: Titled Tuesday Blitz"]
[Site "Chess.com"]
[Date "2020.06.02"]
[Round "3"]
[White "Oglob71"]
[Black "FM_VS99"]
[Result "1-0"]
[WhiteElo "2518"]
[BlackElo "2305"]
[TimeControl "180+1"]
[EndTime "10:26:54 PDT"]
[Termination "Oglob71 won by resignation"]

1. d4 g6 2. Nf3 Bg7 3. c4 d6 4. Nc3 e5 5. dxe5 dxe5 6. Qxd8+ Kxd8 7. Bd2 c6 8. O-O-O Kc7 9. h3 f6 10. g4 Be6 11. b3 Nd7 12. Ne4 Nh6 13. Bg2 Nf7 14.
Bc3 f5 15. Neg5 Nxg5 16. Nxg5 Bh6 17. Bd2 Bxg5 18. Bxg5 fxg4 19. Be7 gxh3 20. Bxh3 Bxh3 21. Rxh3 Rae8 22. Bd6+ Kc8 23. Rdh1 Nf6 24. Rf3 Nh5 25. Rf7 Re6 26. Rc7+ Kd8 27. Rxb7 Rxd6 28. Rb8+ Ke7 29. Rxh8 Nf6 30. R8xh7+ Nxh7 31. Rxh7+ Kf6 32. Rxa7 e4 33. e3 Kg5 34. Rf7 Rd8 35. Rf4 1-0

[Event "*** SCC Grand Prix: Titled Tuesday Blitz"]
[Site "Chess.com"]
[Date "2020.06.02"]
[Round "3"]
[White "Danfii"]
[Black "WIDBIFS"]
[Result "0-1"]
[WhiteElo "2427"]
[BlackElo "2715"]
[TimeControl "180+1"]
[EndTime "10:26:56 PDT"]
[Termination "WIDBIFS won by resignation"]

1. e4 g6 2. d4 Bg7 3. Nc3 c6 4. Bc4 d6 5. Nf3 Nf6 6. Bb3 O-O 7. O-O Bg4 8. h3 Bxf3 9. Qxf3 Nfd7 10. Be3 e6 11.
Ne2 d5 12. e5 c5 13. c3 Nc6 14.
Ng3 Qb6 15. Rfd1 c4 16. Ba4 Qxb2 17. Bd2 Qa3 18. Bxc6 bxc6 19. Bc1 Qa4 20. h4 c5 21.
h5 cxd4 22. cxd4 c3 23. Bg5 c2 24. Rd2 Rfc8 25. Rc1 Rc4 26. Qd3 Rac8 27. h6 Bf8 28. Nh5 Qa3 29. Rcxc2 Qxd3 0-1

[Event "*** SCC Grand Prix: Titled Tuesday Blitz"]
[Site "Chess.com"]
[Date "2020.06.02"]
[Round "3"]
[White "AlexandraBotez"]
[Black "djano"]
[Result "0-1"]
[WhiteElo "2193"]
[BlackElo "2437"]
[TimeControl "180+1"]
[EndTime "10:26:56 PDT"]
[Termination "djano won by checkmate"]

1. d4 Nf6 2. Bf4 Nh5 3. Bg3 c5 4. d5 g6 5. c4 Bg7 6. Nc3 b5 7. e4 b4 8. Na4 d6 9. Rb1 Bd7 10.
Be2 Nxg3 11. hxg3 Na6 12. f4 e6 13. Nf3 Nc7 14. b3 exd5 15. exd5 O-O 16. Kf2 Ne8 17.
Rxh7 Kxh7 18. Ng5+ Kg8 19. Qh1 Nf6 20. Qh4 Re8 21.
Rh1 Qe7 22. Re1 Qe3+ 23. Kf1 Ne4 24. Nxe4 Rxe4 25. Nb2 Bd4 26. Nd3 Qg1# 0-1

[Event "*** SCC Grand Prix: Titled Tuesday Blitz"]
[Site "Chess.com"]
[Date "2020.06.02"]
[Round "3"]
[White "ArnieChipmunk"]
[Black "tamarozi99"]
[Result "1-0"]
[WhiteElo "2293"]
[BlackElo "2015"]
[TimeControl "180+1"]
[EndTime "10:26:56 PDT"]
[Termination "ArnieChipmunk won by resignation"]

1. e4 c5 2. Nf3 Nc6 3. d4 cxd4 4. Nxd4 g6 5. Nc3 Bg7 6. Be3 Nf6 7. f4 O-O 8. e5 Ne8 9. Bc4 d5 10. Nxd5 Nxd4 11. Qxd4 Be6 12. O-O-O Rc8 13. Bb3 a5 14. Nb6 Qxd4 15. Rxd4 Rc6 16. Bxe6 Rxe6 17.
Nd7 f6 18. Nxf8 Kxf8 19. Rd8 fxe5 20. fxe5 Rxe5 21. Rf1+ Bf6 22. Bd4 Re6 23. Bxf6 exf6 24. Kd2 Ke7 25. Rb8 Nd6 26. Re1 h5 27. Rxe6+ Kxe6 28. b3 a4 29. c4 axb3 30. axb3 Ke5 31. Kd3 Ne4 32. Re8+ 1-0

[Event "*** SCC Grand Prix: Titled Tuesday Blitz"]
[Site "Chess.com"]
[Date "2020.06.02"]
[Round "3"]
[White "12teen"]
[Black "Future2700"]
[Result "1-0"]
[WhiteElo "2699"]
[BlackElo "2421"]
[TimeControl "180+1"]
[EndTime "10:26:58 PDT"]
[Termination "12teen won by resignation"]

1. g3 Nf6 2. Bg2 e6 3. d3 Be7 4. Nc3 O-O 5. Bd2 c5 6. e4 Nc6 7. f4 d5 8. Nf3 Rb8 9. e5 Nd7 10. h4 f5 11. Ng5 Nb6 12. Qh5 h6 13. Qg6 hxg5 14. hxg5 Bxg5 15. Qh7+ Kf7 16. Qh5+ g6 17. Qh7+ Ke8 18. Qxg6+ Kd7 19. fxg5 a6 20. Nxd5 Nxd5 21. Bxd5 Kc7 22. Rh7+ Kb6 23. Bxc6 Kxc6 24. Qh5 Qd5 25. Qh1 Qxh1+ 26. Rxh1 Kd5 27. Bf4 Bd7 28. Kd2 Rh8 29.
Rh6 Rxh6 30. gxh6 Rh8 31. Rh1 Bc6 32. c4+ Kd4 33. Rh4 b5 34. b3 bxc4 35. bxc4 Rb8 36.
Be3+ Kxe5 37. Bf4+ 1-0

[Event "*** SCC Grand Prix: Titled Tuesday Blitz"]
[Site "Chess.com"]
[Date "2020.06.02"]
[Round "3"]
[White "Happy1712Drummer"]
[Black "Gordima"]
[Result "0-1"]
[WhiteElo "2436"]
[BlackElo "2762"]
[TimeControl "180+1"]
[EndTime "10:26:59 PDT"]
[Termination "Gordima won on time"]

1. Nf3 d5 2. d4 Nf6 3. c4 e6 4. Nc3 Bb4 5. Qc2 dxc4 6. Bg5 b5 7. e3 a6 8. a4 Bb7 9. Nd2 Nbd7 10. f3 c6 11. e4 Qb6 12. Be3 c5 13. a5 Qc7 14.
Ne2 cxd4 15. Nxd4 Bxa5 16. Be2 Bb6 17. O-O e5 18. Nf5 g6 19. Nxc4 bxc4 0-1

[Event "*** SCC Grand Prix: Titled Tuesday Blitz"]
[Site "Chess.com"]
[Date "2020.06.02"]
[Round "3"]
[White "InitiatingASC"]
[Black "GmSergioBarrientos"]
[Result "1/2-1/2"]
[WhiteElo "2397"]
[BlackElo "2592"]
[TimeControl "180+1"]
[EndTime "10:27:00 PDT"]
[Termination "Game drawn by repetition"]

1. Nf3 Nf6 2. b3 e6 3. Bb2 d5 4. e3 Be7 5. c4 O-O 6. cxd5 exd5 7. Be2 c5 8. O-O Nc6 9. d3 d4 10. e4 Bg4 11. Nbd2 Qc7 12. Rc1 a5 13. Re1 Bd6 14.
Nf1 Bf4 15. Rxc5 Qb6 16. Rc4 Be6 17. Rxc6 bxc6 18. Bxd4 c5 19. Ba1 a4 20. bxa4 Qb4 21.
g3 Bc7 22. Bxf6 gxf6 23. Qa1 Kg7 24. Bd1 Rfd8 25. Bc2 Bg4 26. N3d2 Be5 27. Qb1 Bc3 28. Qxb4 cxb4 29. Rb1 Be6 30. Nc4 Rac8 31. Nfe3 Ra8 32.
Rd1 Ra6 33. f3 Bd7 34. a5 Bd4 35. Kf2 Bb5 36. Bb3 Bxc4 37. dxc4 Bxe3+ 38. Kxe3 Rxd1 39. Bxd1 Rxa5 40. Bb3 f5 41. Kd4 fxe4 42. fxe4 Kf6 43. c5 Rb5 44. Kd5 Ke7 45. Kc6 Rb8 46. Kc7 Rb5 47.
Kc6 Rb8 48. Kc7 Rb5 49. Kc6 1/2-1/2

[Event "*** SCC Grand Prix: Titled Tuesday Blitz"]
[Site "Chess.com"]
[Date "2020.06.02"]
[Round "3"]
[White "OrtizMarcos"]
[Black "Trickov"]
[Result "1-0"]
[WhiteElo "2336"]
[BlackElo "2330"]
[TimeControl "180+1"]
[EndTime "10:27:00 PDT"]
[Termination "OrtizMarcos won by resignation"]

1. e4 c5 2. Nf3 d6 3. d4 Nf6 4. Nc3 cxd4 5. Nxd4 a6 6. Bg5 e6 7. f4 Qb6 8. Qd2 Qxb2 9. Rb1 Qa3 10.
f5 Nc6 11. fxe6 fxe6 12. Nxc6 bxc6 13. Be2 Be7 14. O-O O-O 15. Rb3 Qa5 16. Nd5 Qxd2 17. Nxe7+ Kf7 18. Bxd2 Kxe7 19. e5 dxe5 20. Bb4+ Kf7 21.
Bxf8 Kxf8 22. Bf3 Bd7 23. Rb7 Be8 24. Re1 Rd8 25. Rxe5 Rd2 26. Rc5 Nd5 27. c4 Nf4 28. h3 Nd3 29. Ra5 Ne5 30. Rxe5 1-0

[Event "*** SCC Grand Prix: Titled Tuesday Blitz"]
[Site "Chess.com"]
[Date "2020.06.02"]
[Round "3"]
[White "reniite"]
[Black "Zmof"]
[Result "0-1"]
[WhiteElo "1814"]
[BlackElo "2244"]
[TimeControl "180+1"]
[EndTime "10:27:01 PDT"]
[Termination "Zmof won by resignation"]

1. e4 c5 2. Nf3 Nc6 3. d4 cxd4 4.
Nxd4 Qb6 5. Nb3 Nf6 6. Nc3 e6 7.
Be2 Bb4 8. Be3 Qc7 9. Qd3 d5 10. exd5 Nxd5 11. Bd2 Nxc3 12. Bxc3 Bxc3+ 13. Qxc3 Qe5 14. Qxe5 Nxe5 15. f4 Nc6 16. Bf3 Bd7 17. O-O-O O-O-O 18. Nc5 Kc7 19. Nxd7 Rxd7 20. Rxd7+ Kxd7 21. Rd1+ Kc7 22. Bxc6 Kxc6 23. g3 h5 24. c4 h4 25. Rg1 hxg3 26. hxg3 Rh2 27. g4 Kc5 28. b3 Kd4 29. f5 e5 30. Kb1 e4 31. g5 e3 32. Rd1+ Ke4 33.
f6 gxf6 34. Rd7 fxg5 35. Re7+ Kd3 36. Rd7+ Kc3 0-1

[Event "*** SCC Grand Prix: Titled Tuesday Blitz"]
[Site "Chess.com"]
[Date "2020.06.02"]
[Round "3"]
[White "aa175"]
[Black "kidagent"]
[Result "1-0"]
[WhiteElo "2472"]
[BlackElo "2203"]
[TimeControl "180+1"]
[EndTime "10:27:02 PDT"]
[Termination "aa175 won by resignation"]

1. d4 d5 2. Bf4 Nf6 3. e3 c6 4.
Nf3 Bg4 5. h3 Bh5 6. c4 e6 7.
Qb3 Qc8 8. Nc3 Nbd7 9. Rc1 dxc4 10. Bxc4 Nb6 11. Bd3 Nfd5 12. Bg3 Bb4 13. Ne5 O-O 14. a3 Nxc3 15. bxc3 Be7 16. c4 Bg6 17. Nxg6 hxg6 18. c5 Nd5 19. e4 Nf6 20. Bd6 Bxd6 21. cxd6 Qd7 22. O-O Rfe8 23. e5 Nd5 24. Be4 Rab8 25. Bxd5 exd5 26. Qa4 b6 27. Qxc6 Qxc6 28. Rxc6 Kf8 29.
Rc7 a5 30. Rfc1 Red8 31. Ra7 Rdc8 32. Rxc8+ Rxc8 33. Rb7 Rc1+ 34. Kh2 Ke8 35. Rxb6 Kd7 36. Rb7+ Ke6 37. Re7+ 1-0

[Event "*** SCC Grand Prix: Titled Tuesday Blitz"]
[Site "Chess.com"]
[Date "2020.06.02"]
[Round "3"]
[White "JozefKneht"]
[Black "AsselLesbekova"]
[Result "1-0"]
[WhiteElo "2507"]
[BlackElo "2288"]
[TimeControl "180+1"]
[EndTime "10:27:03 PDT"]
[Termination "JozefKneht won by checkmate"]

1. e4 c5 2. Nf3 Nc6 3. d4 cxd4 4.
Nxd4 e5 5. Nb5 d6 6. c4 Be7 7. N1c3 a6 8. Na3 Be6 9. Be2 Nf6 10. O-O Rc8 11. Be3 O-O 12. Qd2 Nd7 13. Rac1 f5 14.
exf5 Bxf5 15. Nd5 Nf6 16. Nxf6+ Bxf6 17. Nc2 Bxc2 18. Rxc2 Nd4 19. Bxd4 exd4 20. Bf3 b5 21. cxb5 axb5 22. Qd3 Qb6 23. Bd5+ Kh8 24. Re2 Rc5 25. Bb3 b4 26. Bc2 g6 27. g3 Qc6 28. h4 Rc8 29. Bb3 Rc1 30. Ree1 Rxe1 31. Rxe1 Kg7 32. Kh2 Be5 33.
Qe2 Rf8 34. f4 Bf6 35. Bc2 Kf7 36. h5 g5 37. h6 gxf4 38. Qe6# 1-0

[Event "*** SCC Grand Prix: Titled Tuesday Blitz"]
[Site "Chess.com"]
[Date "2020.06.02"]
[Round "3"]
[White "H16"]
[Black "Zmeeed63"]
[Result "1-0"]
[WhiteElo "2522"]
[BlackElo "2220"]
[TimeControl "180+1"]
[EndTime "10:27:04 PDT"]
[Termination "H16 won by resignation"]

1. d4 Nf6 2. c4 e6 3. Nf3 c5 4. d5 exd5 5. cxd5 d6 6. Nc3 g6 7. Bf4 a6 8. a4 Bg7 9. h3 O-O 10.
e3 Qe7 11. Nd2 Nbd7 12. Be2 Ne5 13. O-O Bd7 14. Qb3 Rab8 15. Qb6 Rfd8 16. Rfc1 Nh5 17. Bh2 Bf5 18. g4 Bd3 19. Bxe5 Bxe5 20. Bxd3 Qg5 21.
Nf3 1-0

[Event "*** SCC Grand Prix: Titled Tuesday Blitz"]
[Site "Chess.com"]
[Date "2020.06.02"]
[Round "3"]
[White "emperor87"]
[Black "NFChess13"]
[Result "1-0"]
[WhiteElo "2587"]
[BlackElo "2380"]
[TimeControl "180+1"]
[EndTime "10:27:06 PDT"]
[Termination "emperor87 won by resignation"]

1. e4 c5 2. Nf3 e6 3. c4 Nc6 4. Nc3 Nd4 5. Be2 Ne7 6. O-O Nec6 7. Re1 Be7 8. Bf1 O-O 9. d3 d6 10. Nb5 Nxf3+ 11. Qxf3 a6 12. Nc3 Nd4 13. Qd1 b5 14. Be3 bxc4 15. dxc4 e5 16. Nd5 Be6 17. Bxd4 cxd4 18. b4 Bxd5 19. cxd5 Qb6 20. Rb1 Rfc8 21.
a4 Rc3 22. a5 Qc7 23. Qa4 Bg5 24. Red1 h5 25. h3 g6 26. b5 axb5 27. Rxb5 Rc2 28. a6 Bd8 29. Rb7 Qc5 30. Qe8+ Kg7 31. Qxf7+ Kh6 32. Rd3 h4 33. g3 Rxa6 34. Qh7+ 1-0

[Event "*** SCC Grand Prix: Titled Tuesday Blitz"]
[Site "Chess.com"]
[Date "2020.06.02"]
[Round "3"]
[White "PavelChernomordik"]
[Black "larisakalinina"]
[Result "0-1"]
[WhiteElo "2245"]
[BlackElo "1966"]
[TimeControl "180+1"]
[EndTime "10:27:07 PDT"]
[Termination "larisakalinina won by resignation"]

1. e4 c5 2. Nf3 Nc6 3. Bb5 g6 4.
Bxc6 dxc6 5. O-O Bg7 6. d3 Bg4 7. h3 Bxf3 8. Qxf3 e5 9. Be3 Qe7 10. Nd2 Nf6 11. Qe2 O-O 12. a4 a5 13. Nc4 Ne8 14. f4 exf4 15. Bxf4 b5 16. axb5 cxb5 17. Nb6 Bxb2 18. Nxa8 Bxa1 19. Rxa1 Qa7 20. Bh6 Ng7 21. Qf2 f5 22. e5 Rxa8 23. Be3 Ne6 24. g4 f4 25. Bd2 a4 26. Qf3 Rd8 27. Qc6 Qd7 28.
Qe4 Qd4+ 29. Qxd4 Rxd4 30. Bc3 Rd7 31. Kg2 b4 32. Bd2 a3 33. c3 Rxd3 34. Be1 b3 35. Rxa3 b2 36. Rb3 Rd1 37. Rxb2 Rxe1 38. Rb7 Rxe5 39. Kf3 Re3+ 40. Kf2 Rxc3 0-1

[Event "*** SCC Grand Prix: Titled Tuesday Blitz"]
[Site "Chess.com"]
[Date "2020.06.02"]
[Round "3"]
[White "Logman74"]
[Black "ama18"]
[Result "1-0"]
[WhiteElo "2367"]
[BlackElo "2526"]
[TimeControl "180+1"]
[EndTime "10:27:08 PDT"]
[Termination "Logman74 won by resignation"]

1. e4 c5 2. Nf3 d6 3. d4 cxd4 4. Nxd4 Nf6 5. Nc3 a6 6. f4 e5 7. Nf3 Nbd7 8. Bd3 Be7 9. O-O b5 10. a3 Bb7 11. Kh1 O-O 12. Nh4 Nc5 13. Qe2 Nfxe4 14.
Nxe4 Nxd3 15. Qxd3 d5 16. Nf5 dxe4 17. Qg3 g6 18.
fxe5 Bc8 19. Nxe7+ Qxe7 20. Bg5 Qe6 21. Bf6 Qg4 22.
Qe3 Qh5 23. Rf4 Bg4 24. h3 Rfd8 25. Rxg4 Rd5 1-0

[Event "*** SCC Grand Prix: Titled Tuesday Blitz"]
[Site "Chess.com"]
[Date "2020.06.02"]
[Round "3"]
[White "davigator"]
[Black "abfchess"]
[Result "1-0"]
[WhiteElo "2316"]
[BlackElo "2079"]
[TimeControl "180+1"]
[EndTime "10:27:09 PDT"]
[Termination "davigator won by resignation"]

1. e4 e6 2. d4 d5 3. Nc3 Nf6 4.
e5 Nfd7 5. f4 c5 6. Nf3 Nc6 7. Be3 a6 8. Qd2 b5 9. Nd1 Bb7 10. c3 Be7 11. Bd3 b4 12. f5 bxc3 13.
bxc3 Qa5 14. fxe6 fxe6 15. O-O cxd4 16. Nxd4 Nc5 17. Bc2 Nxd4 18. Bxd4 Ne4 19. Bxe4 dxe4 20. Qe3 Rc8 21. Qh3 Qd5 22. Ne3 Qc6 23. Qh5+ g6 24.
Qh6 Bf8 25. Qf4 Qd7 26. Ng4 Bg7 27. Nf6+ Bxf6 28. Qxf6 Rg8 29. Rab1 e3 30. Rxb7 Qxb7 31. Qxe6+ Qe7 32. Qxg8+ Kd7 33. Qd5+ Ke8 34. Bxe3 Rxc3 35.
Qa8+ Kd7 36. Rd1+ Ke6 37. Qxa6+ Kf5 38. Rf1+ Ke4 39. Bf2 1-0

[Event "*** SCC Grand Prix: Titled Tuesday Blitz"]
[Site "Chess.com"]
[Date "2020.06.02"]
[Round "3"]
[White "Zenzo"]
[Black "VALPARAISO37"]
[Result "1-0"]
[WhiteElo "2560"]
[BlackElo "2359"]
[TimeControl "180+1"]
[EndTime "10:27:10 PDT"]
[Termination "Zenzo won by checkmate"]

1. e4 e5 2. Nf3 Nc6 3. Bb5 a6 4.
Ba4 Nf6 5. d3 Bc5 6. O-O b5 7. Bb3 d6 8. c3 O-O 9. a4 Bb7 10. Nbd2 Bb6 11. Bc2 Ne7 12. b4 Ng6 13.
h3 h6 14. Re1 c5 15. Nf1 cxb4 16.
cxb4 Rc8 17. axb5 axb5 18. Ng3 Re8 19. Nf5 d5 20. Qe2 Qd7 21. Ra2 Rc7 22. Bb1 Nf4 23. Bxf4 exf4 24. Qb2 dxe4 25. dxe4 Nxe4 26. Qxg7# 1-0

[Event "*** SCC Grand Prix: Titled Tuesday Blitz"]
[Site "Chess.com"]
[Date "2020.06.02"]
[Round "3"]
[White "karinachess1"]
[Black "doctorcristian"]
[Result "1-0"]
[WhiteElo "2508"]
[BlackElo "2292"]
[TimeControl "180+1"]
[EndTime "10:27:10 PDT"]
[Termination "karinachess1 won by resignation"]

1. e4 c5 2. Nf3 Nc6 3. d4 cxd4 4. Nxd4 g6 5. c4 Nf6 6. Nc3 Nxd4 7. Qxd4 d6 8. f3 Bg7 9. Be3 O-O 10. Qd2 a5 11.
Be2 a4 12. O-O Qa5 13. Rac1 Be6 14. Nd5 Nxd5 15. Qxa5 Rxa5 16. cxd5 Bd7 17. Bb6 Raa8 18. Rc7 Rfd8 19. Rb1 Kf8 20. Kf2 Ke8 21. Ke3 Rdb8 22. Rxd7 1-0